 Dungeon Crawl Stone Soup version 0.25.1-9-gc5326a611f (webtiles) character file.

Game seed: 8944609573652620375

171 Goreval the Magician (level 5, -3/31 HPs)
             Began as an Octopode Wizard on Dec 29, 2020.
             Slain by a worker ant (7 damage)
             ... on level 4 of the Dungeon.
             The game lasted 00:16:29 (5694 turns).

Goreval the Magician (Octopode Wizard)              Turns: 5694, Time: 00:16:29

Health: -3/31      AC:  1    Str:  7    XL:     5   Next: 51%
Magic:  2/10       EV: 14    Int: 21    God:
Gold:   100        SH:  0    Dex: 10    Spells: 0/11 levels left

rFire    . . .     SeeInvis .   b - +0 dagger
rCold    . . .     Gourm    .   (no shield)
rNeg     . . .     Faith    +   a - +0 hat
rPois    .         Spirit   .   p - amulet of faith
rElec    .         Reflect  .   s - ring of stealth (curse)
rCorr    .         Harm     .   (no ring)
MR       .....                  (no ring)
Stlth    ++++......             (no ring)
HPRegen  0.10/turn              (no ring)
MPRegen  0.12/turn              (no ring)
                                (no ring)
                                (no ring)

@: lethally poisoned (-3 -> -9)
A: almost no armour, stealthy swim, amphibious, 8 rings, constrict 8, camouflage
1, gelatinous body 1
a: no special abilities


You were on level 4 of the Dungeon.
You were hungry.

You visited 1 branch of the dungeon, and saw 4 of its levels.

You collected 100 gold pieces.

Inventory:

Hand Weapons
 b - a +0 dagger (weapon)
Missiles
 e - 151 stones (quivered)
Armour
 a - a +0 hat (worn)
Jewellery
 p - an amulet of faith (around mantle)
 s - a cursed ring of stealth (left tentacle)
Scrolls
 f - a scroll of noise {unknown}
 h - a scroll of teleportation {unknown}
 i - a scroll of immolation {unknown}
 k - 2 scrolls of enchant weapon {unknown}
 m - 6 scrolls of identify {unknown}
 o - a scroll of enchant armour {unknown}
 u - a scroll of remove curse {unknown}
 w - a scroll of magic mapping {unknown}
Potions
 d - a potion of invisibility {unknown}
 g - a potion of mutation {unknown}
 l - 2 potions of haste {unknown}
 n - a potion of berserk rage {unknown}
 q - a potion of degeneration {unknown}
 r - a potion of might {unknown}
 t - 2 potions of heal wounds {unknown}
Comestibles
 c - 4 rations


   Skills:
 + Level 3.2 Dodging
 - Level 2.6 Stealth
 + Level 3.7 Spellcasting
 * Level 3.6 Conjurations
 - Level 1.0 Summonings
 - Level 1.0 Translocations


You couldn't memorise any spells.
You knew the following spells:

 Your Spells              Type           Power        Failure   Level  Hunger
a - Magic Dart            Conj           ###.         2%          1    None
b - Conjure Flame         Conj/Fire      ##......     17%         3    ###....
c - Mephitic Cloud        Conj/Pois/Air  #.......     22%         3    ###....
n - Blink                 Tloc           N/A          12%         2    ##.....
z - Call Imp              Summ           #.......     12%         2    ##.....

Your spell library contained the following spells:

 Spells                   Type           Power        Failure   Level  Hunger
 Slow                     Hex            #.......     19%         2    ##.....


Dungeon Overview and Level Annotations

Branches:
Dungeon (4/15)
 Temple: D:4-7

Altars:
Ru

Annotations:
D:2 Sigmund


Innate Abilities, Weirdness & Mutations

You cannot wear most types of armour.
You are very stealthy in the water. (Stealth+)
You are amphibious.
You can wear up to eight rings at the same time.
You can use your tentacles to constrict eight enemies at once.
Your skin changes colour to match your surroundings (Stealth+).
Your rubbery body absorbs attacks. (AC +1, EV +1)


Message History

The worker ant completely misses you. The worker ant barely misses you.
The worker ant bites you.
* * * LOW HITPOINT WARNING * * *
You are lethally poisoned!
The worker ant poisons you!
There is a stone staircase leading up here.
You feel better. The worker ant closely misses you.
You hit the worker ant but do no damage.
Your grab misses the worker ant. Your squeeze misses the worker ant.
The worker ant bites you!
* * * LOW HITPOINT WARNING * * *
You are lethally poisoned!
The worker ant poisons you!
Okay, then.
* * * LOW HITPOINT WARNING * * *
You feel sick.
* * * LOW HITPOINT WARNING * * *
You feel sick. The worker ant bites you!
You die...

........#..#........##
#####
.........)...........#
..#................).#
............##.......####
...........##...[...#...#
............#...........###
..................<.......#
...........##....a##...#..#
.....#.)..###...@....#.#..#
.....#..............##...##
...#..........##..#.###...#
...#........######### #...#
...#....##### ##.##
######.## ###


You could see a worker ant.

Vanquished Creatures
  5 adders
  2 oozes
  5 worms
  2 dart slugs (D:1)
  2 leopard geckos
  9 orcs
  2 ball pythons (D:2)
  6 giant cockroaches
  16 goblins
  5 hobgoblins
  2 jackals (D:2)
  10 bats
  7 frilled lizards
  9 kobolds
  4 rats
  A plant (D:1)
87 creatures vanquished.

Vanquished Creatures (collateral kills)
  A hobgoblin (D:1)
1 creature vanquished.

Vanquished Creatures (others)
  A plant (D:1)
1 creature vanquished.

Grand Total: 89 creatures vanquished

Notes
Turn   | Place    | Note
-------+----------+-------------------------------------------
     0 | D:1      | Goreval the Octopode Wizard began the quest for the Orb.
     0 | D:1      | Reached XP level 1. HP: 11/11 MP: 4/4
   853 | D:1      | Reached XP level 2. HP: 10/17 MP: 0/6
   915 | D:1      | Learned a level 2 spell: Call Imp
   918 | D:1      | Learned a level 2 spell: Blink
  1268 | D:1      | Reached XP level 3. HP: 21/21 MP: 3/7
  1966 | D:1      | Found a sacrificial altar of Ru.
  2343 | D:2      | Reached XP level 4. HP: 17/27 MP: 0/9
  2465 | D:2      | Noticed Sigmund
  3800 | D:2      | Reached XP level 5. HP: 31/31 MP: 8/10
  3805 | D:2      | Learned a level 3 spell: Conjure Flame
  3829 | D:2      | Learned a level 3 spell: Mephitic Cloud
  5694 | D:4      | Slain by a worker ant

Illustrated notes

Levels and vault maps discovered:
D:1:      sevenhm_arrival_forest_fort_small_6, layout_loops_cross,
          serial_forest, infiniplex_forest_diagonal, infiniplex_forest_corner_1,
          infiniplex_forest_lined_room_3, infiniplex_forest_3_way,
          infiniplex_forest_end_2, infiniplex_forest_clump_medium,
          infiniplex_forest_lined_corner, infiniplex_forest_clump_small,
          infiniplex_forest_lined_2
D:2:      layout_basic, minmay_pentomino_x4, uniq_sigmund
D:3:      layout_loops_corners
D:4:      layout_cave_pools, gup_sewer_entry_bowl, minmay_misc_feat_rows

Skill      XL: |  1  2  3  4 |
---------------+-------------+-----
Conjurations   | 2 3 |  3.6
Dodging        | 3 |  3.2
Stealth        | |  2.6
Spellcasting   | |  3.7
Summonings     | |  1.0
Translocations | |  1.0

Action                   |  1- 3 |  4- 6 || total
-------------------------+-------+-------++-------
Melee: Dagger            |    54 |    34 ||    88
       Constrict         |     7 |     7 ||    14
       Tentacles         |    10 |     5 ||    15
 Cast: Magic Dart        |    79 |   142 ||   221
       Call Imp          |     1 |       ||     1
       Conjure Flame     |       |     2 ||     2
       Blink             |       |     2 ||     2
  Use: Potion            |       |     3 ||     3
  Eat: Chunk             |     4 |    10 ||    14
Armor: Skin              |    10 |     5 ||    15
Dodge: Dodged            |    25 |    58 ||    83
